 Dungeon Crawl Stone Soup version 0.25.1-2-g60ff931df9 (webtiles) character file.

Game seed: 9564601012555227337

1710 gruber the Cleaver (level 8, -1/68 HPs)
             Began as a Deep Dwarf Fighter on Oct 13, 2020.
             Slain by a bullfrog (5 damage)
             ... on level 7 of the Dungeon.
             The game lasted 00:06:11 (5467 turns).

gruber the Cleaver (Deep Dwarf Fighter)             Turns: 5467, Time: 00:06:11

Health: -1/68      AC:  6    Str: 22    XL:     8   Next: 74%
Magic:  2/2        EV:  7    Int:  9    God:
Gold:   146        SH:  9    Dex: 12    Spells: 7/7 levels left

rFire    + . .     SeeInvis .   a - +0 war axe
rCold    . . .     Gourm    .   c - +0 kite shield
rNeg     . . .     Faith    .   b - +0 scale mail
rPois    .         Spirit   .   (no helmet)
rElec    .         Reflect  +   (no cloak)
rCorr    .         Harm     .   (no gloves)
MR       +....                  (no boots)
Stlth    ..........             k - amulet of reflection
HPRegen  0.00/turn              n - ring of protection from fire
MPRegen  0.08/turn              w - ring of flight

@: non-regenerating
A: damage resistance, heal wounds, sense surroundings 1, no regeneration
a: Heal Wounds, Evoke Flight


You were on level 7 of the Dungeon.
You were hungry.

You visited 1 branch of the dungeon, and saw 7 of its levels.
You also visited: Sewer.

You collected 179 gold pieces.
You spent 33 gold pieces at shops.

Inventory:

Hand Weapons
 a - a +0 war axe (weapon)
Missiles
 r - 5 javelins (quivered)
Armour
 b - a +0 scale mail (worn)
 c - a +0 kite shield (worn)
Jewellery
 k - an amulet of reflection (around neck)
 n - a ring of protection from fire (left hand)
 w - a ring of flight (right hand)
Scrolls
 i - 10 scrolls of identify {unknown}
 l - a scroll of noise {unknown}
 m - 2 scrolls of magic mapping {unknown}
 o - 4 scrolls of remove curse {unknown}
 q - 2 scrolls of fear {unknown}
 t - 5 scrolls of teleportation {unknown}
 y - 2 scrolls of immolation {unknown}
 A - 2 scrolls of fog {unknown}
 B - 2 scrolls of blinking {unknown}
 C - a scroll of enchant armour {unknown}
 D - a scroll of enchant weapon {unknown}
Potions
 d - 2 potions of might
 e - 2 potions of berserk rage {unknown}
 g - 7 potions of curing
 h - 2 potions of invisibility {unknown}
 j - a potion of flight {unknown}
 p - 2 potions of cancellation {unknown}
 s - a potion of ambrosia {unknown}
 u - a potion of mutation {unknown}
 v - a potion of lignification {unknown}
 z - a potion of haste {unknown}
 E - 2 potions of heal wounds {unknown}
 F - 2 potions of magic {unknown}
Comestibles
 f - 14 rations


   Skills:
 - Level 2.6 Fighting
 + Level 12.1 Axes
 - Level 3.2 Armour
 - Level 3.2 Shields


You had 7 spell levels left.
You didn't know any spells.
Your spell library contained the following spells:

 Spells                   Type           Power        Failure   Level  Hunger
 Cause Fear               Hex            #.........   100%        4    #####..
 Silence                  Hex/Air        #.........   100%        5    ######.
 Yara's Violent Unravell  Hex/Tmut       #.........   100%        5    ######.
 Discord                  Hex            #.........   100%        8    #######


Dungeon Overview and Level Annotations

Branches:
Dungeon (7/15)              Sewer (visited)
 Temple: D:4-7

Altars:
Ashenzari
Gozag
Uskayaw
Xom

Shops:
D:5 [!

Annotations:
D:3 2 transporters, ma3's ghost, amateur DEAE


Innate Abilities, Weirdness & Mutations

You are resistant to damage.
You can heal yourself by infusing magical energy.
You passively map a small area around you.
You do not regenerate.


Message History

The bullfrog hits you.
* * * LOW HITPOINT WARNING * * *
The bullfrog hits you.
You closely miss the bullfrog.
The bullfrog is severely wounded.
You block the bullfrog's attack.
You hit the bullfrog but do no damage.
The bullfrog is severely wounded.
The bullfrog completely misses you. The bullfrog hits you.
You hit the bullfrog.
The bullfrog is almost dead.
The bullfrog hits you!
* * * LOW HITPOINT WARNING * * *
You closely miss the bullfrog.
The bullfrog is almost dead.
You block the bullfrog's attack.
You barely miss the bullfrog.
The bullfrog is almost dead.
You block the bullfrog's attack. The bullfrog hits you.
You die...

,
#....#
*
#....#
,*
#....#
*
#<...#
,
#....#
,*
#....#
*
#....#
,
#....#
#@...#
, *
#F...#
*
#....#
, *
#....#
,
#....#
#....#
,
#....#
#....#
*


You could see a bullfrog.

Vanquished Creatures
  An ice beast (D:5)
  7 ogres
  A scorpion (D:5)
  A jelly (D:6)
  5 wights (D:6)
  2 crimson imps
  A centaur zombie (D:6)
  4 hounds
  An orc priest (D:6)
  2 orc wizards (D:6)
  A centaur skeleton (D:6)
  A gnoll shaman (D:6)
  3 worker ants
  A hound skeleton (D:5)
  A howler monkey zombie (D:6)
  6 gnolls
  8 adders
  A river rat (Sewer)
  3 oozes
  An adder skeleton (D:4)
  2 worms (D:2)
  3 dart slugs
  6 leopard geckos
  13 orcs
  2 ball pythons
  5 giant cockroaches
  8 goblins
  5 hobgoblins
  11 jackals
  3 quokkas
  6 bats
  12 frilled lizards
  6 kobolds
  2 leopard gecko skeletons
  9 rats
144 creatures vanquished.

Vanquished Creatures (others)
  6 plants (D:3)
6 creatures vanquished.

Grand Total: 150 creatures vanquished

Notes
Turn   | Place    | Note
-------+----------+-------------------------------------------
     0 | D:1      | gruber the Deep Dwarf Fighter began the quest for the Orb.
     0 | D:1      | Reached XP level 1. HP: 20/20 MP: 1/1
    81 | D:1      | You fall into a shaft and drop 1 floor!
   102 | D:2      | Reached skill level 3 in Axes
   102 | D:2      | Reached XP level 2. HP: 27/27 MP: 2/2
   226 | D:1      | Reached XP level 3. HP: 29/33 MP: 3/3
   262 | D:1      | Reached skill level 4 in Axes
   406 | D:1      | You fall into a shaft and drop 1 floor!
  1058 | D:2      | Reached XP level 4. HP: 28/40 MP: 4/4
  1137 | D:2      | Reached skill level 5 in Axes
  1612 | D:3      | Reached XP level 5. HP: 26/46 MP: 5/5
  1763 | D:3      | Found a transporter.
  1835 | D:3      | Found a faded altar of an unknown god.
  2371 | D:3      | Found a transporter.
  2417 | D:3      | Noticed ma3's ghost (amateur DEAE)
  2466 | D:4      | Reached skill level 6 in Axes
  2496 | D:4      | Found a shattered altar of Ashenzari.
  2528 | D:4      | Noticed an ogre
  2533 | D:4      | Killed an ogre
  2558 | D:4      | Reached skill level 7 in Axes
  2558 | D:4      | Reached XP level 6. HP: 17/55 MP: 6/6
  2616 | D:4      | Reached skill level 8 in Axes
  2680 | D:4      | HP: 2/55 [ogre/+0 giant club (17)]
  2691 | D:4      | Reached XP level 7. HP: 51/61 MP: 5/5
  3122 | D:5      | Entered Level 5 of the Dungeon
  3140 | D:5      | Found Birohib's Antique Armour Emporium.
  3143 | D:5      | Found Howaoff's Distillery.
  3149 | D:5      | Bought a potion of curing for 33 gold pieces
  3166 | D:5      | Reached skill level 9 in Axes
  3608 | D:5      | Reached skill level 10 in Axes
  3750 | D:5      | Reached XP level 8. HP: 40/68 MP: 3/3
  4093 | D:6      | Reached skill level 11 in Axes
  4248 | D:6      | Found a glowing drain.
  4267 | Sewer    | Entered a sewer
  4728 | D:6      | Found an opulent altar of Gozag.
  4897 | D:6      | Reached skill level 12 in Axes
  5198 | D:6      | Found a hide-covered altar of Uskayaw.
  5198 | D:6      | Found a shimmering altar of Xom.
  5467 | D:7      | Slain by a bullfrog

Illustrated notes

Levels and vault maps discovered:
D:1:      saegor_arrival_simple_d, layout_basic, minmay_misc_feat_nine_boxes,
          grunt_decor_one_mirror, minmay_tall_x
D:2:      layout_basic, first_ration
D:3:      layout_basic, gammafunk_ghost_gnarly_gnolls,
          chequers_ecumenical_altar_simple_redux
D:4:      layout_rooms, grunt_decor_arrowhead, nicolae_ashenzari_panopticon
D:5:      layout_gridville, serial_shops, shop, nicolae_shop_behind_doors
D:6:      layout_basic, gammafunk_temple_overflow_elements,
          gup_sewer_entry_pipe, chequers_serial_rivers_marsh,
          nicolae_gozag_seed_capital
D:7:      layout_gridville, minitemple, minmay_temple_entry_drinking_statues,
          basic_altar, uniq_joseph

Skill      XL: |  1  2  3  4  5  6  7  8 |
---------------+-------------------------+-----
Axes           | 3 4 5 7 8 10 12 | 12.1
Fighting       | |  2.6
Armour         | |  3.2
Shields        | |  3.2

Action                   |  1- 3 |  4- 6 |  7- 9 || total
-------------------------+-------+-------+-------++-------
Melee: War axe           |   110 |   152 |   245 ||   507
Throw: Javelin           |       |       |    25 ||    25
 Abil: Heal Wounds       |       |     5 |     6 ||    11
  Eat: Chunk             |     1 |     5 |     9 ||    15
Armor: Scale mail        |    61 |    67 |    63 ||   191
Dodge: Dodged            |    24 |    53 |    62 ||   139
Block: Kite shield       |    59 |    91 |   103 ||   253
       Reflection        |       |       |     4 ||     4
